Map: Backwater LE

Players

Dutchkid

  • Race: Zerg Zerg
  • League: Diamond
  • Spawn Location: 5:00

FdvaChenka - Winner!

  • Race: Protoss Protoss
  • League: Diamond
  • Spawn Location: 11:00

VOD

Have the link to the VOD?

Description

Time

  • Played on: March 27, 2018, 5:25 a.m.
  • Length: 17:47
Show
View Real Time Build Order
Export as new Build Order

Dutchkid Zerg 

Build Orders: Pool First 

Get SALT Encoding   

  12  0:01  Drone  
  13  0:12  Overlord  
  13  0:17  Drone  
  14  0:30  Drone x2  
  14  0:34  Drone  
  17  1:02  Spawning Pool, Drone x2  
  17  1:03  Extractor  
  17  1:21  Drone x2  
  17  1:25  Hatchery  
  18  1:34  Drone  
  19  1:49  Queen  
  19  1:51  Zergling x2  
  22  1:54  Overlord  
  22  2:14  Zergling x4  
  22  2:15  Metabolic Boost  
  24  2:25  Drone  
  25  2:41  Hatchery  
  25  2:43  Queen  
  26  2:45  Drone  
  26  2:46  Drone x2  
  26  2:49  Drone  
  30  3:00  Queen  
  30  3:01  Overlord  
  30  3:05  Drone  
  32  3:15  Zergling x8  
  36  3:25  Drone  
  36  3:26  Drone  
  37  3:40  Drone  
  37  3:41  Drone x4  
  41  3:54  Overlord  
  41  3:55  Overlord  
  41  3:56  Drone x2  
  41  3:57  Drone x3  
  41  3:59  Queen  
  48  4:05  Queen  
  49  4:18  Zergling x16  
  56  4:31  Drone x2  
  56  4:32  Drone  
  56  4:33  Roach Warren  
  56  4:37  Extractor  
  57  4:45  Drone x3  
  60  4:46  Extractor  
  52  5:11  Drone  
  52  5:12  Drone x2  
  52  5:13  Drone x6  
  52  5:14  Drone x5  
  65  5:16  Overlord x3  
  65  5:22  Spore Crawler  
  64  5:33  Queen x2  
  64  5:34  Lair  
  68  5:38  Evolution Chamber  
  68  5:39  Roach  
  68  5:40  Roach x5  
  79  5:48  Spore Crawler  
  78  5:53  Roach  
  78  5:54  Roach x3  
  86  6:01  Spore Crawler  
  86  6:04  Overlord x4  
  85  6:16  Roach x3  
  89  6:24  Roach  
  89  6:25  Roach x6  
  100  6:52  Drone x3  
  100  6:53  Drone x3  
  106  7:11  Extractor x2  
  106  7:14  Zerg Missile Weapons Level 1  
  104  7:19  Extractor  
  104  7:20  Drone x2  
  104  7:21  Drone x4  
  109  7:34  Pneumatized Carapace  
  103  7:38  Overseer x2  
  103  7:40  Overseer  
  103  7:53  Hatchery  
  103  7:56  Roach x8  
  119  7:58  Drone x3  
  119  8:00  Drone  
  119  8:02  Overlord x2  
  119  8:04  Hatchery  
  121  8:29  Nydus Network  
  120  8:44  Ravager x7  
  127  9:02  Extractor  
  126  9:06  Extractor  
  126  9:08  Hydralisk Den  
  124  9:15  Nydus Canal  
  124  9:30  Roach  
  124  9:31  Roach x15  
  132  9:47  Grooved Spines  
  132  9:51  Zerg Missile Weapons Level 2  
  132  9:59  Evolution Chamber  
  131  10:03  Hydralisk x7  
  131  10:06  Overlord x7  
  145  10:12  Drone x3  
  145  10:13  Drone x2  
  150  10:26  Zerg Ground Armor Level 1  
  150  10:27  Drone  
  151  10:29  Drone x9  
  151  10:33  Hydralisk x6  
  151  10:34  Hydralisk, Spore Crawler  
  173  10:47  Nydus Canal  
  173  10:58  Muscular Augments  
  155  11:16  Hydralisk x13, Roach  
  155  11:17  Hydralisk x2  
  163  11:43  Overlord x4  
  163  11:44  Hydralisk x7  
  163  11:45  Hydralisk x2  
  181  11:57  Queen  
  183  12:05  Spire  
  183  12:06  Infestation Pit  
  183  12:08  Roach x5  
  183  12:09  Roach x4  
  183  12:14  Zerg Melee Weapons Level 1  
  199  12:15  Hatchery  
  178  12:51  Hydralisk, Roach x6  
  149  12:52  Hydralisk x11, Roach x2  
  153  13:06  Zerg Ground Armor Level 2  
  153  13:11  Hive  
  153  13:18  Mutalisk x4  
  161  13:28  Drone x3  
  161  13:29  Drone x5  
  169  13:42  Mutalisk x5  
  179  13:58  Extractor x2  
  177  14:04  Roach  
  177  14:05  Hydralisk x3, Roach x6  
  169  14:47  Greater Spire  
  169  14:48  Corruptor x3  
  169  14:49  Corruptor x2  
  179  14:59  Zerg Missile Weapons Level 3  
  179  15:01  Adrenal Glands  
  179  15:08  Zergling x6  
  179  15:09  Zergling x6  
  185  15:14  Drone  
  185  15:15  Drone x4  
  185  15:16  Drone  
  185  15:20  Hydralisk x4  
  199  15:22  Zerg Melee Weapons Level 2  
  195  15:53  Corruptor x2  
  181  16:18  Brood Lord  
  181  16:19  Brood Lord x4  
  181  16:20  Hydralisk x5  
  199  16:50  Nydus Canal  
  189  17:04  Corruptor x10  
  189  17:05  Corruptor x3  
  119  17:19  Hydralisk x9  
Show
View Real Time Build Order
Export as new Build Order

FdvaChenka Protoss - Winner!

Build Orders: 1 Gate Expand, Zealot Archon 

Get SALT Encoding   

  12  0:01  Probe  
  13  0:14  Probe  
  14  0:19  Pylon  
  14  0:26  Probe  
  15  0:38  Probe  
  15  0:41  Gateway  
  16  0:49  Assimilator  
  16  0:50  Probe (Chrono Boost)  
  17  0:57  Pylon  
  17  1:03  Probe (Chrono Boost)  
  18  1:12  Probe  
  19  1:24  Probe  
  20  1:36  Probe  
  20  1:39  Nexus  
  21  1:47  Cybernetics Core  
  21  2:00  Assimilator  
  21  2:03  Probe (Chrono Boost)  
  21  2:04  Pylon  
  22  2:12  Probe (Chrono Boost)  
  23  2:18  Probe  
  24  2:23  Adept (Chrono Boost)  
  24  2:28  Twilight Council  
  26  2:30  Probe  
  26  2:33  Warp Gate (Chrono Boost)  
  27  2:42  Adept (Chrono Boost)  
  27  2:43  Probe  
  30  2:53  Probe  
  30  2:57  Probe  
  32  3:03  Adept (Chrono Boost)  
  32  3:05  Probe  
  35  3:06  Resonating Glaives  
  35  3:09  Probe  
  36  3:18  Pylon  
  35  3:26  Stalker (Chrono Boost)  
  37  3:28  Probe x2  
  39  3:34  Robotics Facility  
  39  3:40  Pylon  
  37  3:59  Gateway  
  37  4:02  Gateway  
  37  4:09  Dark Shrine  
  35  4:14  Gateway, Pylon  
  35  4:16  Gateway  
  35  4:22  Shield Battery  
  35  4:32  Probe x2  
  35  4:34  Assimilator  
  35  4:37  Shield Battery  
  35  4:38  Adept  
  39  4:41  Warp Prism  
  41  4:52  Probe x2, Assimilator  
  43  5:04  Probe  
  44  5:20  Gateway  
  44  5:21  Adept  
  44  5:23  Adept x3  
  52  5:30  Charge  
  52  5:32  Probe x2  
  54  5:41  Pylon  
  54  5:44  Probe x2  
  54  5:46  Adept x3  
  62  5:50  Pylon  
  62  5:56  Probe x2  
  64  6:01  Shield Battery  
  64  6:08  Probe x2  
  64  6:20  Probe  
  63  6:40  Immortal (Chrono Boost)  
  63  6:44  Dark Templar  
  63  6:45  Dark Templar x2  
  67  6:53  Zealot x2  
  71  6:59  Forge  
  71  7:01  Forge  
  71  7:08  Immortal (Chrono Boost)  
  71  7:12  Nexus  
  75  7:17  Probe x2  
  75  7:18  Pylon  
  77  7:29  Probe  
  76  7:33  Immortal (Chrono Boost)  
  76  7:39  Protoss Ground Weapons Level 1 (Chrono Boost)  
  80  7:51  Protoss Ground Armor Level 1 (Chrono Boost)  
  80  7:52  Zealot x5  
  80  7:55  Archon  
  90  8:02  Immortal  
  94  8:14  Assimilator  
  94  8:17  Assimilator  
  94  8:24  Probe x2  
  96  8:27  Pylon  
  96  8:30  Pylon  
  96  8:32  Pylon  
  96  8:38  Dark Templar  
  96  8:39  Dark Templar  
  96  8:40  Dark Templar  
  102  8:47  Archon  
  102  8:48  Archon  
  102  8:50  Warp Prism  
  104  9:04  Probe x3  
  107  9:11  Templar Archives  
  107  9:14  Protoss Ground Weapons Level 2 (Chrono Boost)  
  107  9:16  Probe x3  
  110  9:19  Zealot x4  
  110  9:20  Zealot  
  108  9:26  Observer  
  108  9:28  Probe x3  
  98  9:33  Zealot x5  
  104  9:46  Protoss Ground Armor Level 2 (Chrono Boost)  
  104  9:49  Gateway  
  104  9:50  Gateway  
  104  9:51  Gateway  
  104  9:52  Gateway  
  104  9:53  Immortal  
  104  9:56  Gateway  
  108  10:08  Psionic Storm  
  108  10:10  Nexus  
  108  10:13  Pylon  
  108  10:14  Probe x3, Pylon  
  108  10:18  Assimilator  
  111  10:21  Assimilator  
  111  10:26  Probe  
  112  10:30  High Templar  
  112  10:31  High Templar x3  
  112  10:32  Warp Prism  
  122  10:36  Probe x2  
  122  10:40  Photon Cannon  
  122  10:41  Photon Cannon  
  122  10:42  Shield Battery  
  124  10:45  Photon Cannon  
  124  10:46  Shield Battery  
  124  10:57  Stargate  
  124  11:01  Stargate  
  124  11:03  Archon x2  
  122  11:06  Zealot x5  
  122  11:07  Zealot x2  
  99  11:26  Zealot x7  
  113  11:38  Probe x4  
  117  11:47  Pylon  
  117  11:50  Probe x3  
  120  12:01  High Templar x3  
  122  12:02  High Templar  
  122  12:03  Zealot x5  
  136  12:17  Probe x4  
  136  12:21  Pylon, Protoss Ground Weapons Level 3 (Chrono Boost)  
  136  12:22  Protoss Ground Armor Level 3 (Chrono Boost)  
  140  12:25  Fleet Beacon  
  140  12:31  Stargate  
  140  12:32  Observer  
  121  12:44  Zealot x6  
  121  12:45  Zealot x4  
  117  12:53  Observer  
  118  12:59  Archon  
  116  13:09  High Templar x4  
  116  13:11  Zealot x6  
  136  13:18  Photon Cannon  
  136  13:19  Photon Cannon  
  136  13:21  Probe  
  136  13:22  Probe x2  
  136  13:23  Pylon  
  139  13:31  Carrier (Chrono Boost)  
  145  13:35  Carrier (Chrono Boost)  
  151  13:49  Zealot x7  
  165  14:06  Carrier (Chrono Boost)  
  165  14:07  Graviton Catapult (Chrono Boost)  
  141  14:36  Stalker x5  
  149  14:40  Photon Cannon  
  149  14:41  Photon Cannon  
  149  14:45  Shield Battery  
  149  14:46  Pylon  
  149  14:51  Photon Cannon  
  149  14:58  Photon Cannon  
  149  15:00  High Templar  
  149  15:01  High Templar  
  149  15:02  High Templar x2  
  157  15:10  Carrier (Chrono Boost)  
  157  15:11  Carrier (Chrono Boost)  
  157  15:14  Archon x2  
  157  15:15  Protoss Shields Level 1 (Chrono Boost)  
  169  15:22  Protoss Air Weapons Level 1 (Chrono Boost)  
  169  15:37  High Templar x2  
  165  15:54  Stalker x3  
  165  15:55  Stalker  
  165  16:21  Zealot x7  
  179  16:33  Pylon  
  179  16:34  Pylon  
  179  16:53  Immortal  
  195  17:05  Zealot x6  
  195  17:06  Zealot  
  185  17:30  Nexus  
  185  17:33  Pylon  
  185  17:34  Pylon  
Tags
 
Add a new tag
Caveats
  • Supply blocks, unpowered buildings, or Contaminate may cause inaccurate times.
  • Supply counts are checked every 10 seconds.